Map: Divergence LE

Players

Massa - Winner!

  • Race: Terran Terran
  • League: Gold
  • Spawn Location: 11:00

qqq - Winner!

  • Race: Zerg Zerg
  • League: Platinum
  • Spawn Location: 11:00

Fampirus

  • Race: Protoss Protoss
  • League: Platinum
  • Spawn Location: 5:00

ErikChandler

  • Race: Terran Terran
  • League: Diamond
  • Spawn Location: 5:00

VOD

Have the link to the VOD?

Description

Time

  • Played on: April 25, 2020, 12:43 p.m.
  • Length: 4:25
Show
View Real Time Build Order
Export as new Build Order

Massa Terran - Winner!

Build Orders:  

Get SALT Encoding   

  12  0:13  SCV  
  13  0:16  Supply Depot  
  13  0:25  SCV  
  14  0:39  Barracks  
  14  0:44  SCV  
  15  0:56  SCV  
  16  0:59  Supply Depot  
  16  1:08  SCV  
  17  1:20  SCV  
  18  1:26  Barracks  
  18  1:29  Barracks  
  18  1:35  Barracks  
  18  1:39  Marine  
  20  1:48  Orbital Command  
  19  1:57  Refinery  
  19  2:17  Marine x2  
  19  2:18  Marine  
  22  2:26  SCV  
  23  2:32  Marine  
  23  2:35  Marine x2  
  23  2:36  Marine  
  27  2:49  Marine  
  28  2:53  Marine x2  
  28  2:54  Marine  
  31  3:13  Factory  
  31  3:15  Supply Depot  
  31  3:17  Supply Depot  
  31  3:21  Supply Depot  
  31  3:37  Marine x4  
  35  3:55  Marine x4  
Show
View Real Time Build Order
Export as new Build Order

qqq Zerg - Winner!

Build Orders: Hatch First 

Get SALT Encoding   

  12  0:06  Drone  
  13  0:08  Drone  
  14  0:40  Hatchery  
  13  0:52  Spawning Pool  
  13  0:53  Drone  
  13  0:56  Extractor  
  12  1:00  Drone  
  13  1:08  Overlord  
  13  1:44  Zergling x4  
  13  1:46  Zergling x2  
  16  1:48  Queen  
  18  1:54  Zergling x2  
  19  2:09  Metabolic Boost  
  19  2:12  Zergling x2  
  19  2:13  Zergling x2  
  21  2:19  Queen  
  23  2:23  Zergling x2  
  24  2:42  Zergling x6  
  24  2:43  Zergling x2  
  27  2:46  Overlord  
  27  3:08  Zergling x4  
  27  3:09  Zergling x4  
  31  3:20  Drone  
  31  3:23  Zergling x4  
  31  3:26  Overlord  
  34  3:28  Zergling x2  
  35  3:41  Zergling x2  
  35  3:42  Overlord  
  35  3:44  Drone  
  36  4:07  Zergling x4  
  36  4:08  Zergling x2  
Show
View Real Time Build Order
Export as new Build Order

Fampirus Protoss 

Build Orders: 1 Gate Expand 

Get SALT Encoding   

  12  0:01  Probe  
  13  0:13  Probe  
  14  0:17  Pylon  
  14  0:25  Probe  
  15  0:37  Probe (Chrono Boost), Gateway  
  16  0:48  Assimilator  
  16  0:49  Probe (Chrono Boost)  
  17  0:54  Probe (Chrono Boost)  
  18  1:03  Probe  
  19  1:15  Probe  
  20  1:27  Probe  
  20  1:30  Nexus  
  21  1:39  Cybernetics Core  
  21  1:47  Pylon  
  21  1:53  Probe  
  22  1:58  Assimilator  
  22  2:05  Probe  
  25  2:23  Zealot  
  25  2:27  Stargate  
  25  2:28  Probe  
  26  2:37  Gateway  
  26  2:43  Probe, Shield Battery  
  26  2:44  Probe  
  28  2:55  Probe  
  28  2:56  Stalker (Chrono Boost)  
  29  3:04  Probe  
  32  3:08  Probe  
  33  3:21  Stalker (Chrono Boost)  
  33  3:24  Stalker (Chrono Boost)  
Show
View Real Time Build Order
Export as new Build Order

ErikChandler Terran 

Build Orders:  

Get SALT Encoding   

  12  0:03  SCV  
  13  0:15  SCV  
  13  0:17  Supply Depot  
  14  0:27  SCV  
  15  0:32  Refinery  
  15  0:39  SCV  
  16  0:46  Barracks  
  16  0:51  SCV  
  17  1:03  SCV  
  18  1:16  SCV  
  19  1:28  SCV  
  20  1:33  Reaper  
  21  1:40  Orbital Command  
  21  1:48  Command Center  
  21  2:05  SCV  
  22  2:11  Barracks Reactor  
  22  2:13  Factory  
  22  2:19  SCV  
  22  2:22  Refinery  
  23  2:28  Supply Depot  
  23  2:49  SCV  
  24  3:01  SCV  
  25  3:06  Starport  
  25  3:08  Orbital Command  
  24  3:13  SCV  
  24  3:19  Hellion x2  
  29  3:26  SCV  
  30  3:40  Hellion x2  
  34  3:53  Factory  
  34  4:02  Hellion x2  
Tags
 
Add a new tag
Caveats
  • Supply blocks, unpowered buildings, or Contaminate may cause inaccurate times.
  • Supply counts are checked every 10 seconds.